[Event "EYCC Girls-U18 2019"]
[Site "Bratislava"]
[Date "2019.08.04"]
[Round "3.17"]
[White "Grigorieva, Yulia"]
[Black "Balan, Briana-Cleopatra"]
[Result "1-0"]
[ECO "A06"]
[WhiteElo "2096"]
[BlackElo "1869"]
[Annotator "NA"]
[PlyCount "82"]
[EventDate "2019.08.02"]
[EventType "swiss"]
[EventCountry "SVK"]
[SourceTitle "playchess.com"]
[Source "ChessBase"]
[SourceQuality "1"]
[TimeControl "40/5400+30:1800+30"]

1. Nf3 d5 2. g3 Bg4 3. Bg2 Nd7 4. h3 Bxf3 5. exf3 Ngf6 6. f4 e5 7. fxe5 Nxe5 8. O-O Be7 9. Qe2 Qd6 10. b3 O-O 11. Re1 Ng6 12. Ba3 c5 13. d4 Qc7 14. Nc3 Qa5 15. Bb2 cxd4 16. Nb5 Bb4 17. Red1 Rfe8 18. Qf1 Ne4 19. Nxd4 Bc5 20. a3 Qc7 21. Rac1 Rac8 22. Re1 Qb6 23. Rcd1 Qf6 24. c4 Nd6 25. Bxd5 Ne7 26. Bg2 Nc6 27. Nxc6 Qxb2 28. b4 Rxe1 29. Rxe1 Bxf2+ 30. Qxf2 Qxf2+ 31. Kxf2 bxc6 32. c5 Nc4 33. Bxc6 Kf8 34. Bb5 Nxa3 35. Bd3 a5 36. bxa5 Rxc5 37. a6 Nb5 38. Rb1 Nc7 39. Rb7 Ke7 40. a7 Kd6 41. Rxc7 Kd5 1-0

[Event "EYCC Girls-U18 2019"]
[Site "Bratislava"]
[Date "2019.08.04"]
[Round "3.18"]
[White "Kostecka, Marika"]
[Black "Palma, Maria"]
[Result "1-0"]
[ECO "B56"]
[WhiteElo "1924"]
[BlackElo "2137"]
[Annotator "NA"]
[PlyCount "85"]
[EventDate "2019.08.02"]
[EventType "swiss"]
[EventCountry "SVK"]
[SourceTitle "playchess.com"]
[Source "ChessBase"]
[SourceQuality "1"]
[TimeControl "40/5400+30:1800+30"]

1. e4 c5 2. Nf3 Nc6 3. d4 cxd4 4. Nxd4 Nf6 5. Nc3 d6 6. Be3 Ng4 7. Bc1 Qb6 8. Bb5 Bd7 9. O-O Qxd4 10. Bxc6 Qxd1 11. Bxd7+ Kxd7 12. Rxd1 g6 13. f3 Ne5 14. f4 Nc4 15. b3 Bg7 16. Rd3 Na5 17. Ba3 Rhc8 18. e5 Ke8 19. Rad1 dxe5 20. Rd7 Nc6 21. Rxb7 Rab8 22. Rdd7 Rxb7 23. Rxb7 Kf8 24. Nd5 e4 25. Nxe7 Bd4+ 26. Kf1 Nxe7 27. Rxe7 Bc5 28. Bxc5 Rxc5 29. Rxa7 Rxc2 30. a4 e3 31. a5 Rf2+ 32. Ke1 Rxg2 33. b4 Rxh2 34. b5 h5 35. b6 Rb2 36. Rb7 h4 37. a6 h3 38. a7 Ra2 39. Rb8+ Kg7 40. Rg8+ Kxg8 41. b7 h2 42. a8=Q+ Kh7 43. b8=Q 1-0

[Event "EYCC Girls-U18 2019"]
[Site "Bratislava"]
[Date "2019.08.04"]
[Round "3.19"]
[White "Chrysogelou, Athanasia-Panagiota"]
[Black "Rudzinska, Michalina"]
[Result "1-0"]
[ECO "A71"]
[WhiteElo "1770"]
[BlackElo "2143"]
[Annotator "NA"]
[PlyCount "71"]
[EventDate "2019.08.02"]
[EventType "swiss"]
[EventCountry "SVK"]
[SourceTitle "playchess.com"]
[Source "ChessBase"]
[SourceQuality "1"]
[TimeControl "40/5400+30:1800+30"]

1. d4 Nf6 2. c4 e6 3. Nf3 c5 4. d5 exd5 5. cxd5 d6 6. Nc3 g6 7. e4 Bg7 8. Bg5 O-O 9. Nd2 h6 10. Bf4 a6 11. a4 Qe7 12. Be2 Nbd7 13. O-O Ne8 14. Nc4 Rb8 15. Qc2 b6 16. Rae1 Kh7 17. Bg3 Ne5 18. f4 Nxc4 19. Bxc4 b5 20. axb5 axb5 21. Nxb5 Ba6 22. Nxd6 Rxb2 23. Qd3 Nxd6 24. Bxa6 Rfb8 25. e5 R8b3 26. Qd1 c4 27. Bf2 c3 28. exd6 Qxd6 29. Bd3 Ra3 30. f5 Rd2 31. fxg6+ fxg6 32. Qf3 c2 33. Bxg6+ Qxg6 34. Qxa3 Rxd5 35. Rc1 Rb5 36. Qa4 1-0

[Event "EYCC Girls-U18 2019"]
[Site "Bratislava"]
[Date "2019.08.04"]
[Round "3.20"]
[White "Buchta, Agnieszka"]
[Black "Redondo Benavente, Ana"]
[Result "1/2-1/2"]
[ECO "C02"]
[WhiteElo "1818"]
[BlackElo "2176"]
[Annotator "NA"]
[PlyCount "103"]
[EventDate "2019.08.02"]
[EventType "swiss"]
[EventCountry "SVK"]
[SourceTitle "playchess.com"]
[Source "ChessBase"]
[SourceQuality "1"]
[TimeControl "40/5400+30:1800+30"]

1. e4 e6 2. d4 d5 3. e5 c5 4. c3 Qb6 5. Nf3 Nc6 6. a3 Nh6 7. b4 cxd4 8. cxd4 Nf5 9. Be3 f6 10. exf6 gxf6 11. Nc3 Nxe3 12. fxe3 Bh6 13. Qd3 O-O 14. Be2 Ne7 15. O-O e5 16. dxe5 Qxe3+ 17. Kh1 Bf5 18. Qxe3 Bxe3 19. Nh4 fxe5 20. Nxf5 Rxf5 21. Rxf5 Nxf5 22. Nxd5 Bd4 23. Rc1 Nd6 24. Rf1 Ne4 25. g3 Rf8 26. Ne7+ Kg7 27. Nf5+ Kh8 28. Nxd4 Rxf1+ 29. Bxf1 exd4 30. Kg2 Kg7 31. Bd3 Nc3 32. Kf3 h6 33. g4 Kf6 34. h4 Ke5 35. g5 hxg5 36. hxg5 Nd5 37. g6 Ne7 38. Kg4 Kf6 39. Kf4 Nxg6+ 40. Bxg6 Kxg6 41. Ke4 d3 42. Kxd3 Kf5 43. Kd4 Ke6 44. Kc5 Kd7 45. a4 Kc7 46. a5 b6+ 47. Kb5 bxa5 48. Kxa5 Kb7 49. b5 Kc7 50. Ka6 Kb8 51. b6 axb6 52. Kxb6 1/2-1/2

[Event "EYCC Girls-U18 2019"]
[Site "Bratislava"]
[Date "2019.08.04"]
[Round "3.21"]
[White "Silva, Ana Ines Teixeira Da"]
[Black "Hryshchenko, Kamila"]
[Result "0-1"]
[ECO "B00"]
[WhiteElo "1730"]
[BlackElo "2060"]
[Annotator "NA"]
[PlyCount "100"]
[EventDate "2019.08.02"]
[EventType "swiss"]
[EventCountry "SVK"]
[SourceTitle "playchess.com"]
[Source "ChessBase"]
[SourceQuality "1"]
[TimeControl "40/5400+30:1800+30"]

1. e4 d6 2. d4 g6 3. Nf3 Bg7 4. Bc4 Nf6 5. Qe2 c6 6. Bb3 e5 7. dxe5 dxe5 8. O-O Qe7 9. Bd2 O-O 10. Bc3 Nbd7 11. a4 b6 12. Nbd2 Nh5 13. Nc4 Nf4 14. Qd2 Ba6 15. Rfe1 Rad8 16. Qd6 Qxd6 17. Nxd6 Nc5 18. Nc4 Nxb3 19. cxb3 f6 20. a5 b5 21. Ne3 Nd3 22. Red1 b4 23. Be1 Rb8 24. Nc4 Bxc4 25. bxc4 Nxb2 26. Rd6 c5 27. Nd2 Rfd8 28. Rc6 Rbc8 29. Ra6 Rc7 30. Kf1 Rd4 31. Rc1 Bh6 32. Rc2 Bxd2 33. Bxd2 Nxc4 34. Bh6 Kf7 35. Ke2 g5 36. h4 Rxe4+ 37. Kd3 Rd4+ 38. Ke2 Rxh4 39. g3 Re4+ 40. Kf3 Rd4 41. Rc1 b3 42. Rh1 b2 43. Bxg5 fxg5 44. Rxh7+ Kg8 45. Rxc7 b1=Q 46. Rc8+ Kf7 47. Rxa7+ Ke6 48. Re8+ Kd5 49. Rd7+ Nd6 50. Rxd6+ Kxd6 0-1

[Event "EYCC Girls-U18 2019"]
[Site "Bratislava"]
[Date "2019.08.04"]
[Round "3.22"]
[White "Moscicka, Pola"]
[Black "Smetisko, Marija"]
[Result "1/2-1/2"]
[ECO "D85"]
[WhiteElo "1870"]
[BlackElo "1814"]
[Annotator "NA"]
[PlyCount "51"]
[EventDate "2019.08.02"]
[EventType "swiss"]
[EventCountry "SVK"]
[SourceTitle "playchess.com"]
[Source "ChessBase"]
[SourceQuality "1"]
[TimeControl "40/5400+30:1800+30"]

1. d4 Nf6 2. c4 g6 3. Nc3 d5 4. cxd5 Nxd5 5. e4 Nxc3 6. bxc3 Bg7 7. Nf3 c5 8. Be3 Nc6 9. Rc1 Qa5 10. Qd2 Bg4 11. d5 Rd8 12. Be2 b6 13. O-O O-O 14. Qb2 Bxf3 15. gxf3 Nb8 16. Bg5 f6 17. Bd2 f5 18. Qb3 Kh8 19. Rfd1 b5 20. Qxb5 Qc7 21. Rf1 Be5 22. Be3 Bxh2+ 23. Kg2 Bf4 24. Rh1 fxe4 25. fxe4 Qe5 26. Qxc5 1/2-1/2

[Event "EYCC Girls-U18 2019"]
[Site "Bratislava"]
[Date "2019.08.04"]
[Round "3.23"]
[White "Kulpa, Zuzanna"]
[Black "Sankova, Stella"]
[Result "0-1"]
[ECO "D38"]
[WhiteElo "1802"]
[BlackElo "1997"]
[Annotator "NA"]
[PlyCount "89"]
[EventDate "2019.08.02"]
[EventType "swiss"]
[EventCountry "SVK"]
[SourceTitle "playchess.com"]
[Source "ChessBase"]
[SourceQuality "1"]
[TimeControl "40/5400+30:1800+30"]

1. d4 Nf6 2. c4 e6 3. Nf3 d5 4. Nc3 Bb4 5. cxd5 exd5 6. Qa4+ Nc6 7. Bg5 Bd7 8. Qb3 O-O 9. e3 Re8 10. Bxf6 Qxf6 11. Qxd5 Rad8 12. Be2 Bh3 13. Qg5 Qxg5 14. Nxg5 Bxg2 15. Rg1 Bd5 16. a3 Nxd4 17. Bd1 Bxc3+ 18. bxc3 Nb3 19. Rb1 Nc5 20. Bc2 h6 21. Nh3 Bc4 22. Nf4 Kf8 23. Rb4 b5 24. Rb1 a6 25. Ne2 Bd3 26. Rc1 Bxc2 27. Rxc2 Nd3+ 28. Kf1 Ne5 29. Kg2 Rd6 30. Nd4 Red8 31. f4 Nc4 32. Kf3 g6 33. Ra1 c5 34. Nb3 Nd2+ 35. Nxd2 Rxd2 36. Raa2 Rxc2 37. Rxc2 Rd3 38. Ke2 c4 39. a4 bxa4 40. Ra2 Rxc3 41. Rxa4 Rc2+ 42. Kd1 Rxh2 43. Rxa6 c3 44. Rc6 c2+ 45. Rxc2 0-1

[Event "EYCC Girls-U18 2019"]
[Site "Bratislava"]
[Date "2019.08.04"]
[Round "3.24"]
[White "Petrova, Vita"]
[Black "Duson, Robin"]
[Result "0-1"]
[ECO "A45"]
[WhiteElo "1443"]
[BlackElo "1936"]
[Annotator "NA"]
[PlyCount "84"]
[EventDate "2019.08.02"]
[EventType "swiss"]
[EventCountry "SVK"]
[SourceTitle "playchess.com"]
[Source "ChessBase"]
[SourceQuality "1"]
[TimeControl "40/5400+30:1800+30"]

1. d4 Nf6 2. Bf4 c5 3. e3 Qb6 4. Nc3 d6 5. dxc5 Qxc5 6. Nf3 g6 7. Be2 Bg7 8. e4 O-O 9. O-O Nbd7 10. Qd2 Re8 11. Bh6 Bh8 12. Ne1 a6 13. Nd3 Qa5 14. f4 d5 15. e5 d4 16. Ne4 Qxd2 17. Nxd2 Nd5 18. Bf3 Ne3 19. Rfc1 Nf5 20. Bg5 h6 21. g4 hxg5 22. gxf5 gxf5 23. fxg5 Nxe5 24. Bd5 e6 25. Bg2 Rb8 26. h4 b5 27. Nb3 Nc4 28. a4 e5 29. axb5 axb5 30. Na5 e4 31. Nxc4 bxc4 32. Nf4 Rxb2 33. Ra4 Be5 34. Nd5 Be6 35. Ra5 d3 36. cxd3 cxd3 37. Ne7+ Rxe7 38. Rxe5 d2 39. Rd1 Rc7 40. Ra5 Bb3 41. Rf1 d1=Q 42. Rxd1 Bxd1 0-1

[Event "EYCC Girls-U18 2019"]
[Site "Bratislava"]
[Date "2019.08.06"]
[Round "5.1"]
[White "Schneider, Jana"]
[Black "Sliwicka, Alicja"]
[Result "0-1"]
[ECO "B42"]
[WhiteElo "2216"]
[BlackElo "2261"]
[Annotator "NA"]
[PlyCount "66"]
[EventDate "2019.08.02"]
[EventType "swiss"]
[EventCountry "SVK"]
[SourceTitle "playchess.com"]
[Source "ChessBase"]
[SourceQuality "1"]
[TimeControl "40/5400+30:1800+30"]

1. e4 c5 2. Nf3 e6 3. d4 cxd4 4. Nxd4 a6 5. Bd3 Nf6 6. O-O Qc7 7. Qe2 d6 8. c4 g6 9. f4 Bg7 10. Be3 O-O 11. Nc3 Nc6 12. Nf3 b6 13. Rad1 Bb7 14. Na4 Nd7 15. f5 Nc5 16. Nxc5 dxc5 17. Qf2 exf5 18. exf5 Rfe8 19. Ng5 Rxe3 20. f6 Re5 21. Qh4 h6 22. Nf3 Rh5 23. Qg4 Bc8 24. Qe4 Bf5 25. Qe2 Bxf6 26. Bxf5 Rxf5 27. g4 Rf4 28. Nd2 Nd4 29. Qg2 Re8 30. Rxf4 Qxf4 31. Rf1 Qe3+ 32. Kh1 Bg5 33. Qd5 Qe6 0-1

[Event "EYCC Girls-U18 2019"]
[Site "Bratislava"]
[Date "2019.08.06"]
[Round "5.2"]
[White "Ferkova, Dominika"]
[Black "Badelka, Olga"]
[Result "0-1"]
[ECO "E00"]
[WhiteElo "2009"]
[BlackElo "2386"]
[Annotator "NA"]
[PlyCount "184"]
[EventDate "2019.08.02"]
[EventType "swiss"]
[EventCountry "SVK"]
[SourceTitle "playchess.com"]
[Source "ChessBase"]
[SourceQuality "1"]
[TimeControl "40/5400+30:1800+30"]

1. d4 Nf6 2. c4 e6 3. Nc3 d5 4. e3 a6 5. a4 Bb4 6. Nf3 O-O 7. Bd3 c5 8. O-O Nc6 9. cxd5 exd5 10. dxc5 Bg4 11. Be2 Bxc5 12. Nd4 Bxe2 13. Ncxe2 Ne4 14. b3 Nxd4 15. Nxd4 Nc3 16. Qd3 Bxd4 17. exd4 Rc8 18. f3 Re8 19. Be3 b5 20. Rac1 b4 21. Rfe1 Re6 22. Bd2 Rec6 23. Ra1 Qd7 24. Re5 f6 25. Re3 Re8 26. Rxe8+ Qxe8 27. Kf1 Qb8 28. h3 Qc8 29. Rc1 h6 30. g4 Kf7 31. Qf5 Qd8 32. Qh7 f5 33. Qxf5+ Rf6 34. Qd3 Ne4 35. Kg2 Nxd2 36. Qxd2 Qe7 37. Re1 Qd6 38. Re5 Qc6 39. Re1 a5 40. Rc1 Qe8 41. Rc5 Re6 42. Qf4+ Kg8 43. Kg3 h5 44. g5 Rc6 45. Qc1 Rxc5 46. Qxc5 Qe1+ 47. Kf4 Qh4+ 48. Ke5 Qxg5+ 49. Kd6 Qf6+ 50. Kxd5 Qxf3+ 51. Kd6 Qxb3 52. Qxa5 Qg3+ 53. Kc6 Qg6+ 54. Kb7 b3 55. Qb5 Qf7+ 56. Kb6 Qe6+ 57. Kb7 Qe7+ 58. Kb6 Qe3 59. Kb7 Qe4+ 60. Kb8 Qf4+ 61. Kb7 Qe4+ 62. Kb8 Qf4+ 63. Kb7 Qf7+ 64. Kb8 Qf8+ 65. Kb7 Qe7+ 66. Kb6 Qe6+ 67. Kb7 Qxh3 68. d5 b2 69. a5 Qf5 70. Qxb2 Qxd5+ 71. Kb6 Qd8+ 72. Kb7 Qxa5 73. Qb3+ Kh7 74. Qd3+ g6 75. Qd7+ Kh6 76. Qe7 Qd5+ 77. Kc7 Qc4+ 78. Kb7 h4 79. Qf8+ Kh5 80. Qf3+ Qg4 81. Qd5+ Qf5 82. Qd1+ Kh6 83. Qd2+ Qg5 84. Qd4 Qg2+ 85. Kb6 g5 86. Qh8+ Kg6 87. Qe8+ Kf5 88. Qd7+ Kf4 89. Qf7+ Kg3 90. Qc7+ Kh3 91. Qd7+ g4 92. Qd3+ Qf3 0-1

[Event "EYCC Girls-U18 2019"]
[Site "Bratislava"]
[Date "2019.08.06"]
[Round "5.3"]
[White "Cramling Bellon, Anna"]
[Black "Beydullayeva, Govhar"]
[Result "1-0"]
[ECO "E32"]
[WhiteElo "2030"]
[BlackElo "2282"]
[Annotator "NA"]
[PlyCount "85"]
[EventDate "2019.08.02"]
[EventType "swiss"]
[EventCountry "SVK"]
[SourceTitle "playchess.com"]
[Source "ChessBase"]
[SourceQuality "1"]
[TimeControl "40/5400+30:1800+30"]

1. d4 e6 2. c4 Nf6 3. Nc3 Bb4 4. Qc2 d6 5. Bd2 O-O 6. Nf3 Nbd7 7. e3 b6 8. Be2 Bb7 9. O-O Bxc3 10. Bxc3 Ne4 11. Nd2 Nxd2 12. Bxd2 e5 13. Bd3 Qh4 14. d5 g6 15. e4 a5 16. f4 exf4 17. Bxf4 Qe7 18. Qd2 f6 19. b3 Ne5 20. a3 Rae8 21. Rae1 Bc8 22. b4 Ba6 23. Qc3 Nxd3 24. Qxd3 axb4 25. axb4 f5 26. e5 dxe5 27. b5 e4 28. Qg3 Bc8 29. d6 Qe6 30. Rd1 Rf7 31. dxc7 Qxc4 32. Rd8 Qc5+ 33. Be3 Qxb5 34. Rfd1 Rff8 35. Bh6 Qc5+ 36. Kh1 f4 37. Qb3+ Be6 38. Qb2 Qxc7 39. R8d7 Rf7 40. Rxc7 Rxc7 41. Bxf4 Rf7 42. Be3 Bg4 43. Rc1 1-0

[Event "EYCC Girls-U18 2019"]
[Site "Bratislava"]
[Date "2019.08.06"]
[Round "5.4"]
[White "Afonasieva, Anna"]
[Black "Antova, Gabriela"]
[Result "1-0"]
[ECO "D25"]
[WhiteElo "2370"]
[BlackElo "2257"]
[Annotator "NA"]
[PlyCount "139"]
[EventDate "2019.08.02"]
[EventType "swiss"]
[EventCountry "SVK"]
[SourceTitle "playchess.com"]
[Source "ChessBase"]
[SourceQuality "1"]
[TimeControl "40/5400+30:1800+30"]

1. d4 d5 2. Nf3 Nf6 3. c4 dxc4 4. e3 Bg4 5. Bxc4 e6 6. Nc3 Nc6 7. h3 Bh5 8. g4 Bg6 9. Qa4 Nd7 10. Bb5 Nb4 11. Bxd7+ Qxd7 12. Qxd7+ Kxd7 13. Ne5+ Ke8 14. Ke2 Bd6 15. Nxg6 hxg6 16. Bd2 Kd7 17. Rac1 Nd5 18. Ne4 Rh4 19. Nxd6 cxd6 20. e4 Nf6 21. Bg5 Rh7 22. Bxf6 gxf6 23. h4 Rah8 24. Rc3 Rxh4 25. Rhc1 Rb8 26. Rc7+ Ke8 27. Kf3 a6 28. b4 Kf8 29. Rd7 Kg7 30. Rcc7 Rf8 31. Rxd6 e5 32. dxe5 fxe5 33. Rxb7 Rh3+ 34. Kg2 Ra3 35. Re6 Rxa2 36. Rxe5 Kh6 37. Kg3 Ra3+ 38. f3 Rb3 39. Ra5 Kg7 40. Rxa6 Re8 41. Raa7 Rxe4 42. Rxf7+ Kh6 43. Ra6 Rexb4 44. Rff6 Kh7 45. Rxg6 Rb7 46. Rgf6 Kg7 47. g5 Rb1 48. Ra5 Rg1+ 49. Kf4 Rb3 50. Ra7+ Kg8 51. Rc6 Rb8 52. Kf5 Kh8 53. f4 Rf8+ 54. Rf6 Rb8 55. Re7 Rg2 56. Rff7 Rh2 57. Kg6 Rg8+ 58. Kf6 Rc8 59. f5 Rb8 60. g6 Rb6+ 61. Re6 Rb8 62. Re4 Rh5 63. Rd4 Rh1 64. Kg5 Kg8 65. Rfd7 Rg1+ 66. Kf6 Rf8+ 67. Rf7 Ra8 68. Rg7+ Kf8 69. Rgd7 Ke8 70. Kg7 1-0

[Event "EYCC Girls-U18 2019"]
[Site "Bratislava"]
[Date "2019.08.06"]
[Round "5.5"]
[White "Ziegenfuss, Antonia"]
[Black "Goltseva, Ekaterina"]
[Result "0-1"]
[ECO "E23"]
[WhiteElo "2063"]
[BlackElo "2304"]
[Annotator "NA"]
[PlyCount "50"]
[EventDate "2019.08.02"]
[EventType "swiss"]
[EventCountry "SVK"]
[SourceTitle "playchess.com"]
[Source "ChessBase"]
[SourceQuality "1"]
[TimeControl "40/5400+30:1800+30"]

1. d4 Nf6 2. c4 e6 3. Nc3 Bb4 4. Qb3 c5 5. dxc5 Nc6 6. Bg5 O-O 7. Nf3 Bxc5 8. e3 b6 9. Be2 Bb7 10. a3 Be7 11. O-O Na5 12. Qa2 Rc8 13. Nd2 d5 14. Rfd1 Qe8 15. Nb5 Nxc4 16. Nxc4 Qxb5 17. a4 Qa6 18. Bxf6 Bxf6 19. Nd6 Qxe2 20. Nxc8 Rxc8 21. Rdc1 Rc4 22. Rxc4 dxc4 23. b4 Qxa2 24. Rxa2 c3 25. f3 Bd5 0-1

[Event "EYCC Girls-U18 2019"]
[Site "Bratislava"]
[Date "2019.08.06"]
[Round "5.6"]
[White "Muetsch, Annmarie"]
[Black "Grigoryan, Arpine"]
[Result "1-0"]
[ECO "B10"]
[WhiteElo "2266"]
[BlackElo "1996"]
[Annotator "NA"]
[PlyCount "55"]
[EventDate "2019.08.02"]
[EventType "swiss"]
[EventCountry "SVK"]
[SourceTitle "playchess.com"]
[Source "ChessBase"]
[SourceQuality "1"]
[TimeControl "40/5400+30:1800+30"]

1. e4 c6 2. Nc3 d5 3. Nf3 Nf6 4. e5 Ne4 5. Ne2 Qb6 6. d4 e6 7. Nfg1 f6 8. f3 Ng5 9. exf6 gxf6 10. f4 Nf7 11. Nf3 c5 12. f5 Nc6 13. fxe6 Bxe6 14. Nf4 O-O-O 15. Be2 Bg4 16. O-O cxd4 17. Kh1 Nfe5 18. Nxd4 Bxe2 19. Nfxe2 Nxd4 20. Nxd4 h5 21. a4 Bc5 22. a5 Qa6 23. c3 Rhg8 24. b4 Bxd4 25. cxd4 Nc6 26. Bf4 Nxb4 27. Qb1 Nc6 28. Qh7 1-0

[Event "EYCC Girls-U18 2019"]
[Site "Bratislava"]
[Date "2019.08.06"]
[Round "5.7"]
[White "Sargsyan, Anna M."]
[Black "Olde, Grete"]
[Result "1-0"]
[ECO "C46"]
[WhiteElo "2229"]
[BlackElo "1955"]
[Annotator "NA"]
[PlyCount "39"]
[EventDate "2019.08.02"]
[EventType "swiss"]
[EventCountry "SVK"]
[SourceTitle "playchess.com"]
[Source "ChessBase"]
[SourceQuality "1"]
[TimeControl "40/5400+30:1800+30"]

1. e4 e5 2. Nf3 Nc6 3. Nc3 Bb4 4. Nd5 Ba5 5. Bc4 Nf6 6. O-O d6 7. c3 O-O 8. a4 Bb6 9. d3 Na5 10. Ba2 c5 11. Bg5 Nc6 12. Nh4 Nb8 13. Qf3 Nbd7 14. Nf5 Re8 15. Qg3 g6 16. Nh6+ Kg7 17. Nxf7 Kxf7 18. Nxf6+ Re6 19. Bxe6+ Kxe6 20. Qh3+ 1-0

[Event "EYCC Girls-U18 2019"]
[Site "Bratislava"]
[Date "2019.08.06"]
[Round "5.8"]
[White "Kucharska, Honorata"]
[Black "Nazarova, Anastasia"]
[Result "1-0"]
[ECO "B36"]
[WhiteElo "2054"]
[BlackElo "2149"]
[Annotator "NA"]
[PlyCount "119"]
[EventDate "2019.08.02"]
[EventType "swiss"]
[EventCountry "SVK"]
[SourceTitle "playchess.com"]
[Source "ChessBase"]
[SourceQuality "1"]
[TimeControl "40/5400+30:1800+30"]

1. e4 c5 2. Nf3 Nc6 3. d4 cxd4 4. Nxd4 g6 5. c4 Nf6 6. Nc3 Nxd4 7. Qxd4 d6 8. Be3 Bg7 9. f3 O-O 10. Qd2 a5 11. Na4 Nd7 12. O-O-O Qc7 13. Kb1 Nc5 14. Nc3 Be6 15. h4 Nd7 16. h5 Nf6 17. hxg6 fxg6 18. Rc1 Rfc8 19. g4 Qd7 20. Nd5 Bxd5 21. exd5 Qa4 22. Bd4 b5 23. g5 Ne8 24. Bh3 e5 25. dxe6 Rxc4 26. Bxg7 Kxg7 27. b3 Rxc1+ 28. Rxc1 Qb4 29. Qb2+ Kg8 30. e7 h5 31. gxh6 Qh4 32. h7+ Kxh7 33. Bg2 Qf6 34. f4 Qxb2+ 35. Kxb2 Ra7 36. Re1 Rc7 37. Bf1 Rb7 38. Bd3 Kg7 39. Rg1 Kf7 40. Bxg6+ Kxe7 41. Re1+ Kf6 42. Bxe8 b4 43. Bc6 Rh7 44. Re2 Rh4 45. Rf2 Kf5 46. Bd7+ Kf6 47. f5 d5 48. Kc2 Rh3 49. Rd2 Rc3+ 50. Kb2 Ke5 51. Re2+ Kf6 52. Re6+ Kf7 53. Be8+ Kf8 54. Bg6 Kg7 55. Rd6 Rd3 56. Bh5 Rd2+ 57. Kb1 Rf2 58. Rxd5 Rf1+ 59. Bd1 Kf6 60. Kc1 1-0

[Event "EYCC Girls-U18 2019"]
[Site "Bratislava"]
[Date "2019.08.06"]
[Round "5.9"]
[White "Grigorieva, Yulia"]
[Black "Gajcin, Marina"]
[Result "1-0"]
[ECO "D82"]
[WhiteElo "2096"]
[BlackElo "2267"]
[Annotator "NA"]
[PlyCount "149"]
[EventDate "2019.08.02"]
[EventType "swiss"]
[EventCountry "SVK"]
[SourceTitle "playchess.com"]
[Source "ChessBase"]
[SourceQuality "1"]
[TimeControl "40/5400+30:1800+30"]

1. d4 Nf6 2. c4 g6 3. Nc3 d5 4. Bf4 Bg7 5. Qa4+ c6 6. e3 O-O 7. Nf3 Nbd7 8. cxd5 Nb6 9. Qa3 Nbxd5 10. Be5 a5 11. Nxd5 Nxd5 12. Bxg7 Kxg7 13. Be2 Qb6 14. O-O Qb4 15. Qxb4 axb4 16. Bc4 Nb6 17. Rfc1 Bf5 18. Ne1 Na4 19. Bd3 Be6 20. Bc4 Bf5 21. Bd3 Nxb2 22. Bxf5 gxf5 23. Rab1 Na4 24. Rxb4 Ra7 25. Nd3 Rfa8 26. h3 Kf6 27. Rcc4 e6 28. g4 fxg4 29. hxg4 Ke7 30. g5 Kd6 31. Ne5 c5 32. Rb5 b6 33. f4 Rf8 34. dxc5+ bxc5 35. Rb3 Rfa8 36. Kg2 h6 37. gxh6 f6 38. Rd3+ Kc7 39. Rd7+ Kb6 40. Rxa7 Rxa7 41. Ng4 Kb5 42. Rc1 Rh7 43. Rh1 f5 44. Nf6 Rh8 45. Kf2 Nc3 46. h7 Nd5 47. Nxd5 exd5 48. Ke2 Kc4 49. Kd2 Kb4 50. Kd3 Ka3 51. Kc3 Kxa2 52. Rh5 Kb1 53. Rxf5 Rxh7 54. Rxd5 Rh3 55. Re5 Kc1 56. Kc4 Kd2 57. Kxc5 Ke2 58. Kd5 Kf3 59. f5 Rh6 60. e4 Kf4 61. Re8 Ra6 62. Rc8 Ra5+ 63. Rc5 Ra6 64. Rc6 Ra5+ 65. Ke6 Re5+ 66. Kf7 Kxe4 67. f6 Ra5 68. Kg8 Kd5 69. Rb6 Kc5 70. Re6 Ra8+ 71. Kg7 Kd5 72. Re2 Ra1 73. f7 Rg1+ 74. Kf6 Rf1+ 75. Ke7 1-0

[Event "EYCC Girls-U18 2019"]
[Site "Bratislava"]
[Date "2019.08.06"]
[Round "5.10"]
[White "Redondo Benavente, Ana"]
[Black "Represa Perez, Mireya"]
[Result "1-0"]
[ECO "B23"]
[WhiteElo "2176"]
[BlackElo "2017"]
[Annotator "NA"]
[PlyCount "77"]
[EventDate "2019.08.02"]
[EventType "swiss"]
[EventCountry "SVK"]
[SourceTitle "playchess.com"]
[Source "ChessBase"]
[SourceQuality "1"]
[TimeControl "40/5400+30:1800+30"]

1. e4 c5 2. Nc3 d6 3. d4 cxd4 4. Qxd4 a6 5. b3 Nf6 6. Bb2 Nc6 7. Qd2 b5 8. Bd3 e5 9. O-O-O Be7 10. Kb1 Be6 11. f4 exf4 12. Qxf4 Qa5 13. Nge2 Rc8 14. h3 O-O 15. g4 Ne5 16. g5 Nh5 17. Qe3 b4 18. Nd5 Bxd5 19. exd5 Nxd3 20. Qxd3 Bxg5 21. Qf5 h6 22. h4 g6 23. Qf3 Be7 24. Rdg1 Ng7 25. Qe3 Qd8 26. Qd4 f6 27. Rxg6 Kf7 28. Rhg1 Rg8 29. Qg4 Qf8 30. Rxg7+ Rxg7 31. Qe6+ Ke8 32. Qxc8+ Bd8 33. Rxg7 Qxg7 34. Qc6+ Kf8 35. Qxd6+ Be7 36. Qg3 Qf7 37. Nf4 Bd6 38. Ne6+ Ke7 39. Qg7 1-0

[Event "EYCC Girls-U18 2019"]
[Site "Bratislava"]
[Date "2019.08.06"]
[Round "5.11"]
[White "Ciocan, Maria-Alexandra"]
[Black "Radeva, Viktoria"]
[Result "0-1"]
[ECO "B40"]
[WhiteElo "2062"]
[BlackElo "2247"]
[Annotator "NA"]
[PlyCount "122"]
[EventDate "2019.08.02"]
[EventType "swiss"]
[EventCountry "SVK"]
[SourceTitle "playchess.com"]
[Source "ChessBase"]
[SourceQuality "1"]
[TimeControl "40/5400+30:1800+30"]

1. e4 c5 2. Nf3 e6 3. d3 Nc6 4. g3 d5 5. Nbd2 Nf6 6. Bg2 Be7 7. O-O h6 8. Re1 Rb8 9. h4 b5 10. e5 Nd7 11. c4 bxc4 12. dxc4 d4 13. Ne4 Qc7 14. Nd6+ Bxd6 15. exd6 Qxd6 16. Bf4 e5 17. Nxe5 Ncxe5 18. Qh5 O-O 19. Rxe5 g6 20. Qe2 Nxe5 21. Bxe5 Qe7 22. Re1 Rb6 23. Bd5 Re8 24. Qd2 Kh7 25. Re4 Qf8 26. Rf4 Be6 27. Bc7 Ra6 28. Be4 Qe7 29. Ba5 Bxc4 30. b3 Re6 31. f3 Ba6 32. h5 Bb7 33. hxg6+ fxg6 34. Rh4 Qg7 35. Bxb7 Re2 36. Qc1 d3 37. Be4 d2 38. Bxd2 Qd4+ 39. Be3 Qxe3+ 40. Qxe3 Rxe3 41. Kf2 Rc3 42. Rh1 Rd8 43. Ke2 c4 44. bxc4 Rxc4 45. Rb1 Rcd4 46. Rb2 Kg7 47. Ke3 Kf6 48. Rc2 R4d6 49. Rc7 Ra6 50. Rc2 Ra3+ 51. Ke2 Rd6 52. Rb2 Ra5 53. Ke3 Rda6 54. Rh2 h5 55. Bb1 Ra3+ 56. Ke4 R6a4+ 57. Kd5 Rxf3 58. Rc2 Rf5+ 59. Kd6 Rf1 60. Rb2 Ra6+ 61. Kd5 Rb6 0-1

[Event "EYCC Girls-U18 2019"]
[Site "Bratislava"]
[Date "2019.08.06"]
[Round "5.12"]
[White "Kostecka, Marika"]
[Black "Nestorovic, Katarina"]
[Result "0-1"]
[ECO "B80"]
[WhiteElo "1924"]
[BlackElo "2179"]
[Annotator "NA"]
[PlyCount "72"]
[EventDate "2019.08.02"]
[EventType "swiss"]
[EventCountry "SVK"]
[SourceTitle "playchess.com"]
[Source "ChessBase"]
[SourceQuality "1"]
[TimeControl "40/5400+30:1800+30"]

1. e4 c5 2. Nf3 e6 3. d4 cxd4 4. Nxd4 Nf6 5. Nc3 d6 6. Be3 a6 7. f3 b5 8. Qd2 Nbd7 9. g4 b4 10. Nce2 h6 11. O-O-O Qc7 12. h4 d5 13. Bg2 dxe4 14. g5 Nd5 15. g6 Ne5 16. gxf7+ Qxf7 17. Nf5 exf5 18. Qxd5 Qxd5 19. Rxd5 Nc4 20. Bf4 Bb7 21. Rd4 exf3 22. Ng3 fxg2 23. Re1+ Kf7 24. Rxc4 Rc8 25. Rxc8 Bxc8 26. Rg1 Bb7 27. Nxf5 Kf6 28. Nd4 Bc5 29. Be3 Re8 30. Kd2 Re4 31. c3 Rxh4 32. Kd3 bxc3 33. bxc3 Rh1 34. Ne2 Bxe3 35. Kxe3 h5 36. Kf2 h4 0-1